AAA
ROCHESTER NORSEMEN @ COLUMBUS CLIPPERS
05/23/2052
 
TOP OF THE 1ST
Scranton Dundies batting - Pitching for Gwinnett Stripers : LHP Ashante Kearney
Pitching: LHP Ashante Kearney
Batting: LHB Daryn Scott 0-0: Ball
1-0: Called Strike
1-1: Ball
2-1: Called Strike
2-2: Ball
3-2: Strikes out swinging
Batting: LHB Alejandro Esquivel 0-0: Ball
1-0: Called Strike
1-1: Foul Ball, location: 2F
1-2: Foul Ball, location: 25F
1-2: Ball
2-2: SINGLE (Line Drive, 34D, EV 100.0 MPH)
Batting: RHB Anibal Sánchez 0-0: Swinging Strike
0-1: Called Strike
0-2: Ground out 5-3 (Groundball, 56S, EV 66.3 MPH)
Alejandro Esquivel to second
Batting: LHB Lúcio Figuereo 0-0: Ball
1-0: Ball
2-0: Ground out 4-3 (Groundball, 4, EV 82.5 MPH)
Top of the 1st over - 0 runs, 1 hit, 0 errors, 1 left on base; Scranton 0 - Gwinnett 0
BOTTOM OF THE 1ST
Gwinnett Stripers batting - Pitching for Scranton Dundies : LHP A.J. Fernandes
Pitching: LHP A.J. Fernandes
Batting: RHB Xavier Esparza 0-0: Ball
1-0: Ball
2-0: Foul Ball, location: 3SF
2-1: SINGLE (Line Drive, 7S, EV 109.4 MPH)
Batting: LHB Andy Swanson 0-0: Ball
1-0: Swinging Strike
1-1: Ball
2-1: Swinging Strike
2-2: Strikes out swinging
Batting: RHB John Krueckeberg 0-0: Ball
1-0: Called Strike
1-1: Swinging Strike
1-2: SINGLE (Groundball, 6S, EV 69.4 MPH)
Xavier Esparza to second
Batting: LHB Da-Jon Baker 0-0: Ball
1-0: Called Strike
1-1: SINGLE (Line Drive, 78S, EV 106.3 MPH)
Xavier Esparza to third
John Krueckeberg to second
Batting: RHB Andrew Ivy 0-0: Called Strike
0-1: Ball
1-1: Foul Ball, location: 25F
1-2: Strikes out swinging
Batting: LHB Simon Pierce 0-0: Called Strike
0-1: Ball
1-1: Ball
2-1: Ball
3-1: SINGLE (Flyball, 78S, EV 91.9 MPH)
Xavier Esparza scores
John Krueckeberg to third
Da-Jon Baker to second
Runner from 3rd tries for Home, SAFE, throw by LF to home
Batting: RHB Marco Guillen 0-0: Ball
1-0: Foul Ball, location: 9LDF
1-1: Ball
2-1: Foul Ball, location: 2F
2-2: Ball
3-2: Ground out U3 (Groundball, 13, EV 83.1 MPH)
Bottom of the 1st over - 2 runs, 4 hits, 0 errors, 2 left on base; Scranton 0 - Gwinnett 2
TOP OF THE 2ND
Scranton Dundies batting - Pitching for Gwinnett Stripers : LHP Ashante Kearney
Batting: LHB Moises Galvan 0-0: Swinging Strike
0-1: Called Strike
0-2: Ball
1-2: Foul Ball, location: 2RF
1-2: Strikes out swinging
Batting: LHB Hudson McCarthy 0-0: Reached on error, E4 (Groundball, 34, EV 86.3 MPH)
Batting: RHB Elliot Eaves 0-0: Ball
1-0: SINGLE (Groundball, 6S, EV 68.8 MPH) (infield hit)
Hudson McCarthy to second
Batting: LHB Landon Camp 0-0: Called Strike
0-1: Ball
1-1: Foul Ball, location: 5SF
1-2: Strikes out swinging
Batting: RHB Troy Raymond 0-0: Fly out, F9 (Flyball, 89M, EV 89.4 MPH)
Top of the 2nd over - 0 runs, 1 hit, 1 error, 2 left on base; Scranton 0 - Gwinnett 2
BOTTOM OF THE 2ND
Gwinnett Stripers batting - Pitching for Scranton Dundies : LHP A.J. Fernandes
Batting: RHB Josh Chandler 0-0: Ball
1-0: Ball
2-0: Swinging Strike
2-1: Fly out, F7 (Flyball, 7LD, EV 98.1 MPH)
Batting: LHB Michael Obodo 0-0: Ball
1-0: SINGLE (Groundball, 6MD, EV 98.8 MPH)
Batting: RHB Xavier Esparza 0-0: Foul Ball, location: 2F
0-1: Ball
1-1: Ball
2-1: Foul Ball, location: 2F
2-2: Fly out, F7 (Flyball, 7, EV 89.4 MPH)
Batting: LHB Andy Swanson 0-0: Ball
1-0: Ball
2-0: Called Strike
2-1: SINGLE (Line Drive, 9S, EV 97.5 MPH)
Michael Obodo to second
Batting: RHB John Krueckeberg 0-0: Foul Ball, location: 9LSF
0-1: Ball
1-1: Fly out, F8 (Line Drive, 8LM, EV 96.3 MPH)
Bottom of the 2nd over - 0 runs, 2 hits, 0 errors, 2 left on base; Scranton 0 - Gwinnett 2
TOP OF THE 3RD
Scranton Dundies batting - Pitching for Gwinnett Stripers : LHP Ashante Kearney
Batting: LHB Daryn Scott 0-0: Swinging Strike
0-1: Ball
1-1: Swinging Strike
1-2: Strikes out swinging
Batting: LHB Alejandro Esquivel 0-0: Fly out, F2 (Popup, 25F, EV 90.6 MPH)
Batting: RHB Anibal Sánchez 0-0: Called Strike
0-1: Ball
1-1: Ball
2-1: Swinging Strike
2-2: Ball
3-2: Ground out 5-3 (Groundball, 5, EV 97.5 MPH)
Top of the 3rd over - 0 runs, 0 hits, 0 errors, 0 left on base; Scranton 0 - Gwinnett 2
BOTTOM OF THE 3RD
Gwinnett Stripers batting - Pitching for Scranton Dundies : LHP A.J. Fernandes
Batting: LHB Da-Jon Baker 0-0: SINGLE (Line Drive, 9LS, EV 98.1 MPH)
Batting: RHB Andrew Ivy 0-0: Grounds into double play, 4-6-3 (Groundball, 4M, EV 103.8 MPH)
Batting: LHB Simon Pierce 0-0: Ball
1-0: Ball
2-0: Foul Ball, location: 7LSF
2-1: Swinging Strike
2-2: Ball
3-2: Fly out, F7 (Flyball, 7D, EV 110.6 MPH)
Bottom of the 3rd over - 0 runs, 1 hit, 0 errors, 0 left on base; Scranton 0 - Gwinnett 2
TOP OF THE 4TH
Scranton Dundies batting - Pitching for Gwinnett Stripers : LHP Ashante Kearney
Batting: LHB Lúcio Figuereo 0-0: Ball
1-0: Swinging Strike
1-1: Ground out 5-3 (Groundball, 56, EV 80.0 MPH)
Batting: LHB Moises Galvan 0-0: Ball
1-0: Ground out U3 (Groundball, 3, EV 84.4 MPH)
Batting: LHB Hudson McCarthy 0-0: Ball
1-0: Ball
2-0: Foul Ball, location: 2F
2-1: Swinging Strike
2-2: Ball
3-2: Foul Ball, location: 2F
3-2: Base on Balls
Batting: RHB Elliot Eaves 0-0: Swinging Strike
0-1: Ball
1-1: Ball
2-1: Called Strike
2-2: Foul Ball, location: 5DF
2-2: Strikes out swinging
Top of the 4th over - 0 runs, 0 hits, 0 errors, 1 left on base; Scranton 0 - Gwinnett 2
BOTTOM OF THE 4TH
Gwinnett Stripers batting - Pitching for Scranton Dundies : LHP A.J. Fernandes
Batting: RHB Marco Guillen 0-0: Ball
1-0: Ground out 3-1 (Groundball, 34, EV 105.6 MPH)
Batting: RHB Josh Chandler 0-0: Foul Ball, location: 2F
0-1: Foul Ball, location: 2F
0-2: Ball
1-2: Foul Ball, location: 9LDF
1-2: Ball
2-2: Ground out 6-3 (Groundball, 6, EV 81.3 MPH)
Batting: LHB Michael Obodo 0-0: Ground out U3 (Groundball, 3L, EV 104.4 MPH)
Bottom of the 4th over - 0 runs, 0 hits, 0 errors, 0 left on base; Scranton 0 - Gwinnett 2
TOP OF THE 5TH
Scranton Dundies batting - Pitching for Gwinnett Stripers : LHP Ashante Kearney
Batting: LHB Landon Camp 0-0: Ball
1-0: Foul Ball, location: 5FF
1-1: Foul Ball, location: 9LMF
1-2: Ball
2-2: Strikes out swinging
Batting: RHB Troy Raymond 0-0: Ball
1-0: Called Strike
1-1: Swinging Strike
1-2: Foul Ball, location: 2F
1-2: Strikes out swinging, 2-3 out at first.
Batting: LHB Daryn Scott 0-0: Ground out 4-3 (Groundball, 4, EV 86.3 MPH)
Top of the 5th over - 0 runs, 0 hits, 0 errors, 0 left on base; Scranton 0 - Gwinnett 2
BOTTOM OF THE 5TH
Gwinnett Stripers batting - Pitching for Scranton Dundies : LHP A.J. Fernandes
Batting: RHB Xavier Esparza 0-0: Ball
1-0: Called Strike
1-1: Called Strike
1-2: Ground out 5-3 (Groundball, 5, EV 94.4 MPH)
Batting: LHB Andy Swanson 0-0: Foul Ball, location: 2F
0-1: Foul Ball, location: 7LMF
0-2: Ball
1-2: Fly out, F8 (Line Drive, 8RM, EV 105.0 MPH)
Batting: RHB John Krueckeberg 0-0: Ground out 6-3 (Groundball, 6, EV 88.8 MPH)
Bottom of the 5th over - 0 runs, 0 hits, 0 errors, 0 left on base; Scranton 0 - Gwinnett 2
TOP OF THE 6TH
Scranton Dundies batting - Pitching for Gwinnett Stripers : LHP Ashante Kearney
Batting: LHB Alejandro Esquivel 0-0: Ball
1-0: Ball
2-0: Ball
3-0: Called Strike
3-1: Base on Balls
Batting: RHB Anibal Sánchez 0-0: Called Strike
0-1: Ball
1-1: Foul Ball, location: 23F
1-2: Ball
2-2: Foul Ball, location: 2F
2-2: Ball
3-2: Foul Ball, location: 5F
3-2: Base on Balls
Alejandro Esquivel to second
Pitching: RHP J.D. De La Fuente
Batting: LHB Lúcio Figuereo 0-0: SINGLE (Line Drive, 8LS, EV 89.4 MPH)
Alejandro Esquivel to third
Anibal Sánchez to second
Batting: LHB Moises Galvan 0-0: Ball
1-0: Ball
2-0: Ball
3-0: Base on Balls
Alejandro Esquivel scores
Anibal Sánchez to third
Lúcio Figuereo to second
Batting: LHB Hudson McCarthy 0-0: Called Strike
0-1: Foul Ball, location: 7LSF
0-2: Ball
1-2: Strikes out swinging
Pinch Hitting: LHB Socrates De Paz 0-0: Foul Ball, location: 9LSFF
0-1: Foul Ball, location: 7LSF
0-2: Strikes out swinging
Batting: LHB Landon Camp 0-0: Ball
1-0: Called Strike
1-1: Fly out, F5 (Popup, 5SF, EV 70.0 MPH)
Top of the 6th over - 1 run, 1 hit, 0 errors, 3 left on base; Scranton 1 - Gwinnett 2
BOTTOM OF THE 6TH
Gwinnett Stripers batting - Pitching for Scranton Dundies : LHP A.J. Fernandes
Now at 1B: Socrates De Paz
Batting: LHB Da-Jon Baker 0-0: Foul Ball, location: 5F
0-1: Ball
1-1: Ball
2-1: Fly out, F9 (Flyball, 9D, EV 94.4 MPH)
Batting: RHB Andrew Ivy 0-0: Swinging Strike
0-1: Foul Ball, location: 2F
0-2: Foul Ball, location: 2F
0-2: Strikes out swinging, 2-3 out at first.
Batting: LHB Simon Pierce 0-0: Ball
1-0: Foul Ball, location: 7LDF
1-1: Ball
2-1: Fly out, F6 (Popup, 6M, EV 63.1 MPH)
Bottom of the 6th over - 0 runs, 0 hits, 0 errors, 0 left on base; Scranton 1 - Gwinnett 2
TOP OF THE 7TH
Scranton Dundies batting - Pitching for Gwinnett Stripers : RHP J.D. De La Fuente
Now at 1B: Andrew Ivy
Now at 2B: Marco Guillen
Now at 3B: José Teniente
Now in CF: Michael Obodo
Now in RF: Eli Russell
Batting: RHB Troy Raymond 0-0: Called Strike
0-1: Ball
1-1: Ball
2-1: Ball
3-1: Base on Balls
Batting: LHB Daryn Scott 0-0: Called Strike
0-1: Swinging Strike
0-2: Strikes out swinging
Batting: LHB Alejandro Esquivel 0-0: Ball
1-0: Foul Ball, location: 2F
1-1: Swinging Strike
1-2: Strikes out swinging
Pinch Hitting: LHB Kaoru Shinta 0-0: Ball
1-0: Ball
2-0: Ball
3-0: Called Strike
3-1: Base on Balls
Troy Raymond to second
Batting: LHB Lúcio Figuereo 0-0: Foul Ball, location: 2F
0-1: SINGLE (Flyball, 6D, EV 91.9 MPH)
Troy Raymond to third
Kaoru Shinta to second
Runner from 3rd tries for Home, SAFE, throw by LF to home
Batting: LHB Moises Galvan 0-0: Called Strike
0-1: Ground out U3 (Groundball, 13, EV 85.6 MPH)
Top of the 7th over - 1 run, 1 hit, 0 errors, 2 left on base; Scranton 2 - Gwinnett 2
BOTTOM OF THE 7TH
Gwinnett Stripers batting - Pitching for Scranton Dundies : LHP A.J. Fernandes
Now at 2B: Kaoru Shinta
Now at SS: Landon Camp
Batting: RHB Marco Guillen 0-0: Called Strike
0-1: Ball
1-1: Ball
2-1: Called Strike
2-2: Strikes out swinging
Batting: RHB Josh Chandler 0-0: Ball
1-0: Foul Ball, location: 5SF
1-1: Ball
2-1: Foul Ball, location: 7LMFF
2-2: Strikes out swinging
Batting: LHB Michael Obodo 0-0: Ball
1-0: Ball
2-0: SINGLE (Flyball, 78S, EV 92.5 MPH)
Pitching: RHP Aiden Holtham
Batting: RHB Xavier Esparza 0-0: Called Strike
0-1: Ball
Michael Obodo steals 2nd base
1-1: Ball
2-1: Foul Ball, location: 9LDF
2-2: Ball
3-2: Strikes out swinging
Bottom of the 7th over - 0 runs, 1 hit, 0 errors, 1 left on base; Scranton 2 - Gwinnett 2
TOP OF THE 8TH
Scranton Dundies batting - Pitching for Gwinnett Stripers : RHP J.D. De La Fuente
Batting: LHB Hudson McCarthy 0-0: Ball
1-0: Ball
2-0: Called Strike
2-1: Hit by Pitch
Batting: LHB Socrates De Paz 0-0: Swinging Strike
0-1: Fly out, F6 (Popup, 6M, EV 73.1 MPH)
Batting: LHB Landon Camp 0-0: Ball
1-0: Ball
2-0: Foul Ball, location: 25F
2-1: Ball
3-1: Base on Balls
Hudson McCarthy to second
Pitching: RHP Micah DeGrasse
Batting: RHB Troy Raymond 0-0: Ball
1-0: Fly out, F7 (Flyball, 78S, EV 89.4 MPH)
Batting: LHB Daryn Scott 0-0: Ball
1-0: Called Strike
1-1: SINGLE (Groundball, 34D, EV 101.3 MPH)
Hudson McCarthy to third
Landon Camp to second
Runner from 3rd tries for Home, SAFE, throw by RF to home
Batting: LHB Alejandro Esquivel 0-0: Called Strike
0-1: Ball
1-1: Ball
2-1: Fly out, F7 (Flyball, 7D, EV 96.3 MPH)
Top of the 8th over - 1 run, 1 hit, 0 errors, 2 left on base; Scranton 3 - Gwinnett 2
BOTTOM OF THE 8TH
Gwinnett Stripers batting - Pitching for Scranton Dundies : RHP Aiden Holtham
Pitching: RHP Rush Harvey
Batting: LHB Andy Swanson 0-0: Foul Ball, location: 5F
0-1: Called Strike
0-2: Ball
1-2: Ball
2-2: Ball
3-2: Fly out, F7 (Flyball, 7D, EV 111.9 MPH)
Batting: RHB John Krueckeberg 0-0: Ball
1-0: SINGLE (Line Drive, 56D, EV 100.0 MPH)
Batting: RHB José Teniente 0-0: Fielders Choice at 2nd, 4-6 (Groundball, 4, EV 98.8 MPH)
Batting: RHB Andrew Ivy 0-0: Ball
1-0: Ball
2-0: Called Strike
2-1: Fly out, F3 (Popup, 34S, EV 76.3 MPH)
Bottom of the 8th over - 0 runs, 1 hit, 0 errors, 1 left on base; Scranton 3 - Gwinnett 2
TOP OF THE 9TH
Scranton Dundies batting - Pitching for Gwinnett Stripers : RHP Micah DeGrasse
Batting: LHB Kaoru Shinta 0-0: Called Strike
0-1: Fly out, F8 (Flyball, 8RD, EV 98.8 MPH)
Batting: LHB Lúcio Figuereo 0-0: Ball
1-0: Called Strike
1-1: Swinging Strike
1-2: Ball
2-2: SINGLE (Groundball, 4M, EV 87.5 MPH) (infield hit)
Batting: LHB Moises Galvan 0-0: Ball
1-0: Foul Ball, location: 3FF
1-1: Fielders Choice at 2nd, 4-6 (Groundball, 4S, EV 86.9 MPH)
Batting: LHB Hudson McCarthy 0-0: Ball
Moises Galvan steals 2nd base
1-0: Called Strike
1-1: SINGLE (Line Drive, 3D, EV 104.4 MPH)
Moises Galvan to third
Runner from 3rd tries for Home, SAFE, throw by RF to home
Batting: LHB Socrates De Paz 0-0: Called Strike
0-1: Ground out 4-3 (Groundball, 34, EV 101.3 MPH)
Top of the 9th over - 1 run, 2 hits, 0 errors, 1 left on base; Scranton 4 - Gwinnett 2
BOTTOM OF THE 9TH
Gwinnett Stripers batting - Pitching for Scranton Dundies : RHP Rush Harvey
Pitching: RHP Ross Sperber
Batting: RHB Eli Russell 0-0: Ground out 6-3 (Groundball, 6M, EV 108.1 MPH)
Pinch Hitting: RHB Yacob Paz 0-0: Swinging Strike
0-1: Ball
1-1: Called Strike
1-2: Ball
2-2: Ball
3-2: Foul Ball, location: 3F
3-2: Foul Ball, location: 7LSFF
3-2: Strikes out swinging
Pinch Hitting: RHB Jadson Guzman 0-0: Called Strike
0-1: Called Strike
0-2: Foul Ball, location: 9LMF
0-2: Ball
1-2: Foul Ball, location: 9LMF
1-2: Foul Ball, location: 23FF
1-2: Fly out, F8 (Line Drive, 8LM, EV 93.1 MPH)
Bottom of the 9th over - 0 runs, 0 hits, 0 errors, 0 left on base; Scranton 4 - Gwinnett 2
Monday, April 22nd , 2024 - OOTP Baseball 24.11 Build 85